 Dungeon Crawl Stone Soup version 0.24.0-125-gc4c63601f3 (webtiles) character file.

Game seed: 197658062608890174, levelgen mode: deterministic

42 Hugehornet the Insei (level 3, 0/28 HPs)
             Began as a Demigod Transmuter on Mar 17, 2020.
             Slain by Crazy Yiuf
             ... wielding a +4 quarterstaff of chaos
              (13 damage)
             ... on level 2 of the Dungeon.
             The game lasted 00:05:37 (1713 turns).

Hugehornet the Insei (Demigod Transmuter)           Turns: 1713, Time: 00:05:37

Health: 0/28       AC:  2    Str: 13    XL:     3   Next: 17%
Magic:  8/9        EV: 13    Int: 19    God:
Gold:   113        SH:  0    Dex: 16    Spells: 0/6 levels left

rFire    . . .     SeeInvis .     - Unarmed
rCold    . . .     Gourm    +   (no shield)
rNeg     . . .     Faith    .   b - +0 robe
rPois    .         Spirit   .   (no helmet)
rElec    .         Reflect  .   (no cloak)
rCorr    .         Harm     .   (no gloves)
MR       .....                  (boots currently unavailable)
Stlth    +.........             h - amulet of the gourmand
HPRegen  0.09/turn              (no ring)
MPRegen  0.11/turn              (no ring)

@: lethally poisoned (0 -> -14), appendage
A: talons 3, high mp 1
a: End Transformation


You were on level 2 of the Dungeon.
You were not hungry.
You had grown temporary talons.
You visited 1 branch of the dungeon, and saw 2 of its levels.

You collected 113 gold pieces.

Inventory:

Missiles
 a - 9 arrows
Armour
 b - a +0 robe (worn)
Jewellery
 h - an amulet of the gourmand (around neck)
Scrolls
 e - a scroll of enchant weapon {unknown}
 f - a scroll of remove curse {unknown}
 g - 3 scrolls of enchant armour {unknown}
 j - a scroll of blinking {unknown}
 m - a scroll of identify {unknown}
 n - a scroll of fear {unknown}
 o - a scroll of teleportation {unknown}
Potions
 c - a potion of lignification {unknown}
 i - 2 potions of brilliance {unknown}
 k - a potion of curing {unknown}
 l - a potion of heal wounds {unknown}
Comestibles
 d - 5 rations


   Skills:
 - Level 1.2 Fighting
 - Level 2.0 Dodging
 - Level 2.9 Unarmed Combat
 - Level 2.3 Spellcasting
 - Level 2.3 Transmutations
 * Level 0.3 Poison Magic


You couldn't memorise any spells.
You knew the following spells:

 Your Spells              Type           Power        Failure   Level  Hunger
a - Beastly Appendage     Tmut           ##....       6%          1    #......
b - Sticks to Snakes      Tmut           ##......     10%         2    ##.....
c - Spider Form           Tmut/Pois      #.........   28%         3    ###....

Your spell library contained the following spells:

 Spells                   Type           Power        Failure   Level  Hunger
 Ice Form                 Ice/Tmut       #.......     71%         4    #####..
 Blade Hands              Tmut           ##........   87%         5    ######.


Dungeon Overview and Level Annotations

Branches:
Dungeon (2/15)

Annotations:
D:2 Crazy Yiuf


Innate Abilities, Weirdness & Mutations

You have an increased reservoir of magic. (+10% MP)
You have claws for feet.


Message History

Casting: Beastly Appendage (safe; 6% risk of failure)
Confirm with . or Enter, or press ? or * to list all spells.
Your feet morph into talons.
Drop what? 15/52 slots (_ for help) (? for menu, Esc to quit)
Okay, then.
You completely miss Crazy Yiuf. Your kick misses Crazy Yiuf.
Crazy Yiuf says, "Defame!
Race hand stair."
Crazy Yiuf hits you with a +4 quarterstaff of chaos!
You are lethally poisoned!
You hit Crazy Yiuf. You claw Crazy Yiuf.
Crazy Yiuf is moderately wounded.
You feel sick. Crazy Yiuf closely misses you.
You hit Crazy Yiuf.
Crazy Yiuf is heavily wounded.
You feel sick. Crazy Yiuf closely misses you.
You hit Crazy Yiuf.
Crazy Yiuf is severely wounded.
You feel sick.
Crazy Yiuf hits you with a +4 quarterstaff of chaos!
You die...

..##
................#
....
###########.....#####
<.## #.........# .##
##### #.........# ##
#)..# #.........# #
#...# #.........# ...
#....#....# #g#
#...####### #@##
#.### ##.# #.# #.##
#.# ##.# #.# ##.##
#.# ##P..# #.# #.P.P#
#.# ##..## #.#
#....###.#


You could see Crazy Yiuf.

Vanquished Creatures
  A dart slug (D:1)
  A leopard gecko (D:1)
  4 giant cockroaches
  3 goblins
  3 hobgoblins (D:1)
  3 kobolds
  4 bats
  5 rats
24 creatures vanquished.

Vanquished Creatures (collateral kills)
  Natasha (D:2)
1 creature vanquished.

Grand Total: 25 creatures vanquished

Notes
Turn   | Place    | Note
-------+----------+-------------------------------------------
     0 | D:1      | Hugehornet the Demigod Transmuter began the quest for the
                  | Orb.
     0 | D:1      | Reached XP level 1. HP: 15/15 MP: 5/5
   166 | D:1      | Reached skill level 1 in Fighting
   560 | D:1      | Reached XP level 2. HP: 16/23 MP: 5/7
   580 | D:1      | Learned a level 2 spell: Sticks to Snakes
  1472 | D:2      | Noticed Natasha
  1480 | D:2      | Killed Natasha
  1480 | D:2      | Reached XP level 3. HP: 28/28 MP: 3/9
  1532 | D:2      | Learned a level 3 spell: Spider Form
  1546 | D:2      | Found a faded altar of an unknown god.
  1567 | D:2      | Found a burning altar of Makhleb.
  1567 | D:2      | Noticed a balrug
  1703 | D:2      | Found a runed translucent door.
  1704 | D:2      | Noticed Crazy Yiuf
  1713 | D:2      | Slain by Crazy Yiuf

Levels and vault maps discovered:
D:1:      dpeg_arrival_three_smaller_balls, layout_basic
D:2:      layout_rooms, chequers_ecumenical_altar_simple,
          makhleb_altar_promises_db, uniq_crazy_yiuf_cottage, uniq_natasha

Skill      XL: |  1  2 |
---------------+-------+-----
Fighting       | 1 |  1.2
Spellcasting   | 2 |  2.3
Transmutations | 2 |  2.3
Dodging        | 2 |  2.0
Unarmed Combat | |  2.9
Poison Magic   | |  0.3

Action                   || total
-------------------------++-------
Melee: Unarmed           ||    79
       Kick              ||     8
       Headbutt          ||     3
 Cast: Beastly Appendage ||    19
       Sticks to Snakes  ||     3
 Stab: Sleeping          ||     1
  Eat: Ration            ||     1
       Chunk             ||     9
Armor: Robe              ||    11
Dodge: Dodged            ||    53
